 Dungeon Crawl Stone Soup version 0.32-a0-33-g74fbe46 (webtiles) character file.

Game seed: 456550890170289872

10437 Eamon the Spear-Bearer (level 11, -21/101 HPs)
             Began as a Green Draconian Berserker on Jan 20, 2024.
             Was a High Priest of Trog.
             Killed from afar by an acid dragon (24 damage)
             ... with a splash of acid
             ... on level 9 of the Dungeon.
             The game lasted 00:25:15 (7663 turns).

Eamon the Spear-Bearer (Green Draconian Berserker)  Turns: 7663, Time: 00:25:15

Health: -21/101    AC:  4    Str: 23    XL:     11   Next: 36%
Magic:  11/11      EV: 15    Int:  8    God:    Trog [*****.]
Gold:   482        SH:  0    Dex: 11    Spells: 10/10 levels left

rFire   + . .        w - +2 trident (venom)
rCold   + + .        (no shield)
rNeg    . . .        (body armour unavailable)
rPois   +            (helmet restricted)
rElec   .            p - scarf {rC+ rF+}
rCorr   .            m - +0 pair of gloves
SInv    .            (no boots)
Will    .....        (no amulet)
Stlth   +            q - ring of protection from cold
HPRegen 0.36/turn    (no ring)
MPRegen 0.12/turn

%: no passive effects
@: short of breath, corroded
A: breathe noxious fumes, AC +7, unfitting armour, poison resistance,
cold-blooded
a: Breathe Noxious Fumes, Renounce Religion, Berserk, Trog's Hand, Brothers in
Arms


You were on level 9 of the Dungeon.
You worshipped Trog.
Trog was extremely pleased with you.
You visited 1 branch of the dungeon, and saw 9 of its levels.

You collected 482 gold pieces.

Inventory:

Hand Weapons
 w - a +2 trident of venom (weapon)
Missiles
 u - 5 throwing nets (quivered)
 v - 3 boomerangs
Armour
 m - a +0 pair of gloves (worn)
 p - a scarf of resistance (worn)
Jewellery
 l - a ring of ice
 q - a ring of protection from cold (left hand)
Wands
 b - a wand of flame (15)
 d - a wand of digging (3)
 j - a wand of quicksilver (1)
Scrolls
 a - 2 scrolls of fear {unknown}
 e - 3 scrolls of immolation
 f - a scroll of enchant armour {unknown}
 h - 2 scrolls of noise
 n - a scroll of revelation {unknown}
 r - 2 scrolls of teleportation
 s - 2 scrolls of poison {unknown}
 t - a scroll of vulnerability {unknown}
Potions
 c - 2 potions of might
 g - 2 potions of haste
 i - 2 potions of attraction
 k - a potion of enlightenment


   Skills:
 + Level 10.4 Fighting
 + Level 13.6 Polearms
 + Level 8.7 Dodging
 + Level 4.0 Evocations


You had 10 spell levels left.
You didn't know any spells.
Your spell library was empty.

Dungeon Overview and Level Annotations

Branches:
Dungeon (9/15)             Temple (0/1) D:5
   Lair: D:8-11         Orc: D:9-12

Altars:
Fedhas
Vehumet


Innate Abilities, Weirdness & Mutations

You can breathe blasts of noxious fumes.
Your lurid green scales are hard. (AC +7)
You cannot fit into any form of body armour.
Your system is resistant to poisons. (rPois)
You are cold-blooded and may be slowed by cold attacks.


Message History

You hit the acid dragon but do no damage.
The acid dragon is heavily wounded.
You hit the acid dragon.
Your tail-slap misses the acid dragon.
The acid dragon is severely wounded.
The acid dragon spits acid at you. The splash of acid hits you!!
You closely miss the acid dragon.
The acid dragon is severely wounded.
You hit the acid dragon but do no damage.
The acid dragon is severely wounded.
The acid dragon barely misses you. The acid dragon completely misses you.
You hit the acid dragon.
The acid dragon is poisoned.
You tail-slap the acid dragon.
The acid dragon is almost dead.
The acid dragon bites you but does no damage.
The acid dragon claws you but does no damage.
You closely miss the acid dragon.
Your tail-slap misses the acid dragon.
The acid dragon is almost dead.
You barely miss the acid dragon.
You tail-slap the acid dragon, but do no damage.
The acid dragon is almost dead.
The acid dragon spits acid at you. The splash of acid hits you!!
* * * LOW HITPOINT WARNING * * *
The acid corrodes you!
Aiming: Breathe Noxious Fumes (3% risk of failure)
Press: ? - help, Shift-Dir - straight line, f - acid dragon
Aim: an acid dragon (almost dead, very poisoned, catching its breath, 59% to hit)
You exhale a blast of noxious fumes.
The blast of choking fumes misses the acid dragon.
The acid dragon bites you.
* * * LOW HITPOINT WARNING * * *
The acid dragon claws you.
* * * LOW HITPOINT WARNING * * *
Okay, then.
Okay, then.
Okay, then.
The acid dragon spits acid at you. The splash of acid hits you!!
You die...

## #..# # #..### ##
#....# ##. #.>#.###..
#........# .#.##.#.###
..#.##......
#..#######.###.#####...
#.....@.D○°○☼○○######..
#...####..##...........
## . #.## ########.. .
#.# ### #. #.# ######
#.##.#### ####..##.
#.......###....##.#
#.........##.##.#
#.....#####..#.##


You could see an acid dragon (very poisoned, catching breath).

Vanquished Creatures
  A boulder beetle (D:8)
  A centaur warrior (D:8)
  A two-headed ogre (D:8)
  Pikel (D:4)
  The ghost of ooops the Insei, a novice DsSh of Wu Jian (D:4)
  The ghost of Ozzieoiler the Mimic, a novice OpSh (D:5)
  2 trolls
  2 hornets
  A wyvern (D:7)
  A basilisk (shapeshifter) (D:8)
  2 wraiths (D:9)
  A steam dragon (D:8)
  An acid dragon (D:9)
  6 orc warriors
  A black bear (D:7)
  A sky beast (D:5)
  2 ice beasts
  2 ogres (D:4)
  6 centaurs
  3 kobold brigands
  6 bullfrogs
  4 wights (D:6)
  A killer bee (D:8)
  5 howler monkeys
  4 hounds
  3 gnoll boudas
  5 orc priests
  2 iguanas
  Terence (D:3)
  7 orc wizards
  A statue (D:9)
  11 gnolls
  10 adders
  A river rat (D:5)
  A shadow imp (D:5)
  3 white imps (D:7)
  2 ufetubi (D:6)
  2 dart slugs
  3 ribbon worms
  37 orcs
  4 endoplasms
  5 giant cockroaches
  4 goblins
  6 hobgoblins
  4 jackals (D:3)
  4 quokkas
  5 ball pythons
  20 bats
  4 frilled lizards
  21 kobolds
  4 rats
227 creatures vanquished.

Vanquished Creatures (others)
  A kobold (D:7)
1 creature vanquished.

Grand Total: 228 creatures vanquished

Notes
Turn   | Place    | Note
-------+----------+-------------------------------------------
     0 | D:1      | Eamon the Draconian Berserker began the quest for the Orb.
     0 | D:1      | Reached XP level 1. HP: 19/19 MP: 1/1
    91 | D:1      | Reached XP level 2. HP: 26/26 MP: 2/2
   605 | D:2      | Found a blossoming altar of Fedhas.
   641 | D:2      | Reached XP level 3. HP: 26/31 MP: 3/3
   646 | D:2      | Reached skill level 4 in Polearms
   665 | D:2      | Reached ** piety under Trog
   910 | D:2      | Identified the +6 short sword of Wiede {holy, ^Contam rC++
                  | rN+++ Stlth+}
  1373 | D:3      | Noticed an ice beast
  1381 | D:3      | Killed an ice beast
  1382 | D:3      | Reached skill level 5 in Polearms
  1382 | D:3      | Reached XP level 4. HP: 38/38 MP: 4/4
  1443 | D:3      | Reached XP level 5. HP: 44/45 MP: 5/5
  1681 | D:3      | Noticed Terence
  1695 | D:3      | Killed Terence
  1986 | D:3      | Reached skill level 6 in Polearms
  2281 | D:4      | Noticed an ogre
  2288 | D:4      | Killed an ogre
  2289 | D:4      | Reached XP level 6. HP: 51/51 MP: 6/6
  2290 | D:4      | Reached *** piety under Trog
  2315 | D:4      | Reached skill level 7 in Polearms
  2360 | D:4      | Noticed Pikel
  2376 | D:4      | Killed Pikel
  2377 | D:4      | Reached skill level 9 in Polearms
  2377 | D:4      | Your scales start taking on a lurid green colour.
  2377 | D:4      | Reached XP level 7. HP: 55/57 MP: 7/7
  2377 | D:4      | Gained mutation: Your system is resistant to poisons.
                  | (rPois) [Green Draconian growth]
  2466 | D:4      | Found a blossoming altar of Fedhas.
  2835 | D:4      | Found a runed translucent door.
  2841 | D:4      | Noticed ooops's ghost (novice DsSh)
  2855 | D:4      | Reached XP level 8. HP: 55/63 MP: 8/8
  2865 | D:4      | Killed ooops's ghost
  2866 | D:4      | Reached skill level 10 in Polearms
  2927 | D:5      | Entered Level 5 of the Dungeon
  3293 | D:5      | Found a staircase to the Ecumenical Temple.
  3471 | D:5      | Found a runed translucent door.
  3478 | D:5      | Noticed Ozzieoiler's ghost (novice OpSh)
  3594 | D:5      | Killed Ozzieoiler's ghost
  3621 | D:5      | Found a runed translucent door.
  3986 | D:6      | Reached skill level 11 in Polearms
  4017 | D:6      | Reached skill level 5 in Fighting
  4036 | D:6      | Reached XP level 9. HP: 42/71 MP: 9/9
  4311 | D:6      | Reached **** piety under Trog
  4347 | D:6      | Identified the +3 war axe "Lieluecw" {speed, Fly rF+ Dex+4}
  4368 | D:6      | Reached skill level 12 in Polearms
  4368 | D:6      | Reached XP level 10. HP: 16/91 MP: 10/10
  5028 | D:7      | Reached skill level 13 in Polearms
  5280 | D:7      | Reached skill level 1 in Evocations
  6228 | D:8      | Noticed a two-headed ogre
  6228 | D:8      | Noticed a boulder beetle
  6242 | D:8      | Killed a two-headed ogre
  6258 | D:8      | Killed a boulder beetle
  6274 | D:8      | Reached XP level 11. HP: 22/99 MP: 11/11
  6285 | D:8      | HP: 4/99 [centaur/arrow (16)]
  6510 | D:9      | Reached skill level 10 in Fighting
  6701 | D:8      | You fall into a shaft and drop 1 floor!
  6998 | D:8      | Noticed a centaur warrior
  7008 | D:8      | Killed a centaur warrior
  7297 | D:8      | Reached ***** piety under Trog
  7365 | D:9      | Received a gift from Trog
  7520 | D:9      | Found a radiant altar of Vehumet.
  7647 | D:9      | Noticed a skeletal warrior
  7661 | D:9      | HP: 4/101 [acid dragon (3)]
  7663 | D:9      | Killed from afar by an acid dragon

Illustrated notes

Levels and vault maps discovered:
D:1:      eino_arrival_cavern_e, layout_rooms
D:2:      layout_loops_ring, basic_altar, serial_bayou_pond_e
D:3:      layout_loops_ring, uniq_terence
D:4:      layout_cave_pools, mainiacjoe_overflow_catwalk, ebering_ghost_sewer_d,
          st_stairs_12, minmay_manual_mess, uniq_pikel
D:5:      layout_basic, minmay_temple_entry_glassed_door, ebering_ghost_sewer_f,
          chequers_serial_rivers_room_a
D:6:      layout_cave_pools
D:7:      layout_basic, grunt_decor_cap, roderic_batcave
D:8:      layout_cave_pods, minmay_pinched_square
D:9:      layout_rooms, vehumet_statue, nicolae_blasting_shop,
          interstate_on_off, minmay_guarded_unrand_finisher

Skill      XL: |  1  2  3  4  5  6  7  8  9 10 11 |
---------------+----------------------------------+-----
Polearms       | 5 6 9 11 12 13 | 13.6
Dodging        | 4 7 8 |  8.7
Fighting       | 5 9 10 | 10.4
Evocations     | 2 4 |  4.0

Action                     |  1- 3 |  4- 6 |  7- 9 | 10-12 || total
---------------------------+-------+-------+-------+-------++-------
  Melee: Spear             |   110 |   134 |   105 |       ||   349
         Tailslap          |    12 |    11 |    33 |    34 ||    90
         Punch             |     2 |     1 |     1 |     3 ||     7
         Trident           |       |       |   161 |   350 ||   511
  Throw: Throwing net      |       |       |       |     1 ||     1
 Invoke: Berserk           |     2 |     2 |     3 |     2 ||     9
         Trog's Hand       |       |       |     1 |     3 ||     4
Ability: Breathe Noxious F |       |       |     7 |    12 ||    19
    Use: Scroll            |       |     3 |     1 |     6 ||    10
         Potion            |       |       |     7 |     2 ||     9
   Stab: Sleeping          |     2 |     1 |       |       ||     3
         Confused          |       |       |     2 |    14 ||    16
 Armour: Skin              |    41 |    39 |   142 |   155 ||   377
  Dodge: Dodged            |    55 |    40 |   134 |   185 ||   414

Table legend: (Time is in decaauts)
 A = Elapsed time spent in this place.
 B = Non-inter-level travel time spent in this place.
 C = Inter-level travel time spent in this place.
 D = Time resting spent in this place.
 E = Time spent auto-exploring this place.
 F = Levels seen in this place.
 G = Mean time per level.
                   A        B        C        D        E       F      G
               +--------+--------+--------+--------+--------+-----+--------+
         Total |   7517 |   7401 |    116 |      0 |   5544 |   9 |  835.2 |
       Dungeon |   7517 |   7401 |    116 |      0 |   5544 |   9 |  835.2 |
               +--------+--------+--------+--------+--------+-----+--------+

Top non-repeatable levels by time:
     D:8: 1273 daAuts
     D:5: 1166 daAuts
     D:3: 896 daAuts
     D:7: 829 daAuts
     D:2: 778 daAuts
     D:6: 767 daAuts
     D:4: 740 daAuts
     D:9: 576 daAuts
     D:1: 490 daAuts
